 Dungeon Crawl Stone Soup version 0.26.0-15-gc6cd9f700b (webtiles) character file.

Game seed: 6380478771725131811

95749 Conn the Eclecticist (level 15, -11/76 HPs)
             Began as a Deep Elf Fire Elementalist on Jan 16, 2021.
             Was a High Priest of Sif Muna.
             Killed from afar by bloated husk (36 damage)
             ... on level 2 of the Swamp.
             The game lasted 02:38:51 (28318 turns).

Conn the Eclecticist (Deep Elf Fire Elementalist)  Turns: 28318, Time: 02:38:51

Health: -11/76     AC: 14    Str:  2    XL:     15   Next: 67%
Magic:  24/39      EV: 16    Int: 37    God:    Sif Muna [*****.]
Gold:   1013       SH:  0    Dex: 15    Spells: 8/50 levels left

rFire    + + +     SeeInvis .   b - +12 whip "Jateyr" {vorpal, +Fly rC+}
rCold    + . .     Faith    +   (no shield)
rNeg     + . .     Spirit   .   K - +2 robe {Archmagi}
rPois    +         Reflect  .   N - +2 helmet of Impatience {rPois Str-4 Int+8 Stlth+}
rElec    .         Harm     .   G - scarf {rC+ rF+}
rCorr    .         Rampage  .   k - +2 pair of gloves
Will     +....                  D - +2 pair of boots (curse)
Stlth    +++.......             R - amulet of faith
HPRegen  0.62/turn              x - ring of fire
MPRegen  0.26/turn              A - ring of Existentialism {rF+ rN+ Int+3}

@: marked, hasted, slow
A: slimy green scales 1, blink, deformed body, regeneration 1
a: Blink, Renounce Religion, Evoke Flight, Channel Magic, Forget Spell, Divine
Exegesis


You were on level 2 of the Swamp.
You worshipped Sif Muna.
Sif Muna was extremely pleased with you.
You visited 4 branches of the dungeon, and saw 23 of its levels.
You also visited: Ossuary.

You collected 2189 gold pieces.
You spent 1176 gold pieces at shops.

Inventory:

Hand Weapons
 a - a +9 short sword of electrocution
 b - the +12 whip "Jateyr" (weapon) {vorpal, +Fly rC+}
   (You found it on level 10 of the Dungeon)

   It inflicts extra damage upon your enemies.
   It protects you from cold.
   It lets you fly.
 I - the +2 hand axe of the Fortune-Teller {vorpal, rElec MP+9 Int-4 SInv}
   (You found it on level 8 of the Dungeon)

   It inflicts extra damage upon your enemies.
   It affects your intelligence (-4).
   It insulates you from electricity.
   It affects your magic capacity (+9).
   It lets you see invisible.
Missiles
 q - 141 poisoned darts (quivered)
Armour
 k - a +2 pair of gloves (worn)
 l - a +2 helmet of see invisible
 D - a cursed +2 pair of boots (worn)
 G - a scarf of resistance (worn)
 K - a +2 robe of the Archmagi (worn)
 M - a +2 robe of willpower
 N - the +2 helmet of Impatience (worn) {rPois Str-4 Int+8 Stlth+}
   (You found it on level 9 of the Dungeon)

   It affects your strength (-4).
   It affects your intelligence (+8).
   It protects you from poison.
   It makes you more stealthy.
 P - a +0 buckler
 Q - the +3 ring mail of Beogh's Supremacy {Rampage rCorr Str-2 Int+5}
   (You bought it in a shop on level 11 of the Dungeon)

   It affects your strength (-2).
   It affects your intelligence (+5).
   It provides partial protection from all sources of acid and corrosion.
   It bestows one free step when moving towards enemies.
Magical Staves
 C - an uncursed staff of air
 V - an uncursed staff of poison
 X - an uncursed staff of cold
Jewellery
 h - an uncursed ring of magical power
 n - a +6 ring of intelligence
 p - an uncursed ring of protection from cold
 x - a ring of fire (left hand)
 A - the ring of Existentialism (right hand) {rF+ rN+ Int+3}
   (You found it on level 6 of the Lair of Beasts)

   [ring of protection from fire]

   It affects your intelligence (+3).
   It protects you from fire.
   It protects you from negative energy.
 B - an uncursed ring of resist corrosion
 R - an amulet of faith (around neck)
 S - an uncursed ring of wizardry
 W - an uncursed ring of willpower
Wands
 t - a wand of acid (12)
 y - a wand of random effects (18)
 E - a wand of disintegration (10)
 L - a wand of iceblast (23)
 O - a wand of polymorph (8)
 Z - a wand of flame (15)
Scrolls
 d - 20 scrolls of identify
 f - 10 scrolls of immolation
 i - 3 scrolls of amnesia
 o - 11 scrolls of remove curse
 s - 3 scrolls of magic mapping
 v - 4 scrolls of teleportation
 H - 5 scrolls of fog
Potions
 c - 9 potions of brilliance
 e - 4 potions of flight
 g - a potion of magic {unknown}
 j - 2 potions of mutation
 m - 7 potions of curing
 r - a potion of might {unknown}
 u - 2 potions of haste
 w - 3 potions of resistance
 z - 4 potions of cancellation
 F - 2 potions of ambrosia
 T - a potion of lignification
 U - a potion of berserk rage {unknown}


   Skills:
 + Level 2.3 Fighting
 + Level 3.9 Short Blades
 + Level 0.2 Maces & Flails
 + Level 6.6 Dodging
 + Level 7.3 Stealth
 * Level 5.9 Shields
 * Level 18.1 Spellcasting
 + Level 14.3 Conjurations
 + Level 0.7 Hexes
 + Level 0.7 Transmutations
 * Level 16.3 Fire Magic
 + Level 0.2 Air Magic
 + Level 1.4 Poison Magic
 - Level 7.3 Invocations
 + Level 1.0 Evocations


You had 8 spell levels left.
You knew the following spells:

 Your Spells              Type           Power        Failure   Level
a - Foxfire               Conj/Fire      100%         0%          1
b - Conjure Flame         Conj/Fire      100%         0%          3
c - Inner Flame           Hex/Fire       100%         1%          3
d - Sticky Flame          Conj/Fire      100%         1%          4
e - Fireball              Conj/Fire      73%          1%          5
f - Mephitic Cloud        Conj/Pois/Air  83%          1%          3
g - Stone Arrow           Conj/Erth      100%         1%          3
h - Fulminant Prism       Conj/Hex       47%          1%          4
i - Lightning Bolt        Conj/Air       46%          1%          5
j - Ignite Poison         Fire/Tmut/Pois 100%         1%          3
k - Ignition              Fire           74%          8%          8

Your spell library contained the following spells:

 Spells                   Type           Power        Failure   Level
 Magic Dart               Conj           100%         0%          1
 Animate Skeleton         Necr           100%         1%          1
 Apportation              Tloc           100%         1%          1
 Beastly Appendage        Tmut           100%         1%          1
 Corona                   Hex            62%          1%          1
 Freeze                   Ice            100%         1%          1
 Pain                     Necr           100%         1%          1
 Shock                    Conj/Air       100%         1%          1
 Summon Small Mammal      Summ           100%         1%          1
 Corpse Rot               Necr/Air       N/A          1%          2
 Sublimation of Blood     Necr           25%          1%          2
 Wereblood                Tmut           55%          1%          2
 Confusing Touch          Hex            56%          1%          3
 Dazzling Flash           Conj/Hex       100%         1%          3
 Spider Form              Tmut/Pois      29%          1%          3
 Static Discharge         Conj/Air       92%          1%          3
 Hailstorm                Conj/Ice       92%          1%          4
 Bolt of Magma            Conj/Fire/Erth 64%          1%          5
 Iskenderun's Battlesphe  Conj           100%         1%          5
 Starburst                Conj/Fire      73%          1%          6
 Gell's Gravitas          Tloc           25%          2%          3
 Ozocubu's Armour         Ice            50%          2%          3
 Vampiric Draining        Necr           25%          2%          3
 Orb of Destruction       Conj           59%          2%          7
 Petrify                  Tmut/Erth      53%          8%          4
 Conjure Ball Lightning   Conj/Air       46%          8%          6
 Iron Shot                Conj/Erth      46%          8%          6
 Ice Form                 Ice/Tmut       53%          9%          4
 Summon Lightning Spire   Summ/Air       51%          9%          4
 Animate Dead             Necr           25%          10%         4
 Dispel Undead            Necr           50%          10%         4
 Passage of Golubria      Tloc           N/A          10%         4
 Alistair's Intoxication  Tmut/Pois      38%          17%         5
 Blade Hands              Tmut           27%          19%         5
 Yara's Violent Unravell  Hex/Tmut       28%          19%         5
 Freezing Cloud           Conj/Ice/Air   40%          21%         6
 Metabolic Englaciation   Hex/Ice        26%          22%         5
 Agony                    Necr           50%          26%         5
 Excruciating Wounds      Necr           25%          26%         5
 Spellforged Servitor     Conj/Summ      46%          38%         7
 Hydra Form               Tmut           27%          71%         6
 Simulacrum               Ice/Necr       25%          82%         6
 Chain Lightning          Conj/Air       46%          97%         8
 Lehudib's Crystal Spear  Conj/Erth      46%          97%         8
 Fire Storm               Conj/Fire      73%          87%         9


Dungeon Overview and Level Annotations

Branches:
Dungeon (13/15)            Temple (0/1) D:6            Lair (6/6) D:9
  Swamp (2/4) Lair:4       Spider (0/4) Lair:3        Slime (0/5) Lair:5
    Orc (2/2) D:12            Elf (0/3) Orc:2       Ossuary (visited)
 Vaults: D:13-14

Altars:
Gozag
Okawaru
Ru
Sif Muna
Uskayaw
Vehumet
Xom
Jiyva

Shops:
D:7 (=}   D:9 [   D:11 [   Orc:2 **[[

Annotations:
D:3 Terence
D:12 Frances
Swamp:2 Louise


Innate Abilities, Weirdness & Mutations

You are partially covered in slimy green scales. (AC +2)
You can translocate small distances at will.
Armour fits poorly on your strangely shaped body.
Your natural rate of healing is unusually fast.


Message History

Evoke which item? (* to show all) (? for menu, Esc to quit)
Okay, then.
Okay, then.
Evoke which item? (* to show all) (? for menu, Esc to quit)
Okay, then.
Okay, then.
Okay, then.
Unknown command.
Casting: Fireball (safe; 1% risk of failure)
Confirm with . or Enter, or press ? or * to list all spells.
Okay, then.
Casting: Fireball (safe; 1% risk of failure)
Confirm with . or Enter, or press ? or * to list all spells.
Okay, then.
Unknown command.
You blink.
Splash!
The bloated husk explodes!
The blast of putrescent gases engulfs you!!!
You die...

$♣≈t≈≈..§♣≈≈♣≈≈≈≈♣ ≈
≈.....≈.§≈≈♣.♣≈≈≈≈♣
≈).≈.≈≈≈..≈.≈..♣ .≈
.≈≈≈.....≈≈tw..♣ .≈.
.≈≈♣≈≈...≈≈≈..♣♣♣♣.≈.
w≈.≈≈≈≈≈≈≈≈≈.♣♣♣≈≈...
♣♣♣.♣♣.≈§≈§.♣♣♣.≈≈≈.♣
♣♣≈§§§≈♣♣.@≈≈.
♣♣§§@§§≈.≈>♣ ≈...♣
♣.§§§§§§§.♣ .≈≈.≈
♣.§≈♣§§§♣ ≈.≈≈.
♣♣♣t.≈@§♣§≈≈♣ ≈.≈p.♣♣
♣♣..§♣♣§§§≈≈≈♣
F.≈..≈♣♣♣♣♣..≈≈♣♣♣§♣...♣
§≈k♣≈≈♣♣..≈<..≈.♣♣♣♣♣§.♣
§≈≈♣♣hF..≈≈≈♣§≈♣♣ ≈.^≈
)≈≈$§≈t≈.≈.♣♣♣.♣ ♣.♣♣♣


You could see Louise, 2 alligators and a swamp worm.

Vanquished Creatures
  A thorn hunter (Swamp:1)
  Kirke (Swamp:2)
  An orc warlord (Orc:2)
  4 bunyips
  2 eleionomae
  A fire dragon (Lair:4)
  Harold (D:8)
  6 hydras
  A ghost crab (Swamp:1)
  A centaur warrior (D:13)
  4 alligators
  9 two-headed ogres
  5 death yaks (Lair:6)
  Erica (Lair:2)
  Urug (Lair:1)
  Nergalle (Lair:2)
  2 goliath frogs (Swamp:1)
  An unseen horror (D:12)
  A swamp dragon (Swamp:1)
  A bog body (Swamp:1)
  A spriggan druid (Swamp:1)
  A deep elf mage (D:13)
  2 oklob plants (Lair:4)
  2 orc knights (Orc:2)
  An orc sorcerer (Orc:2)
  2 ugly things
  6 elephants
  An ice statue (D:10)
  Maurice (D:8)
  The ghost of Conn the Firebug, a novice DEFE of Sif Muna (D:6)
  8 black mambas
  Joseph (D:7)
  Psyche (D:8)
  2 centaur skeletons
  A torpor snail (Lair:6)
  A gargoyle (D:13)
  41 cane toads
  10 rime drakes
  9 komodo dragons
  A komodo dragon (shapeshifter) (D:9)
  4 trolls
  3 hornets
  4 polar bears
  26 blink frogs
  9 tyrant leeches
  Prince Ribbit (D:7)
  A meliai zombie (D:12)
  A redback (Lair:3)
  2 spriggans
  A wraith (Ossuary)
  7 basilisks
  3 wyverns
  34 yaks
  Grum (D:11)
  7 steam dragons (Lair:4)
  A hog (Swamp:2)
  12 vampire mosquitoes
  Menkaure (D:7)
  5 swamp worms
  A soldier ant (D:13)
  9 water moccasins
  35 orc warriors
  5 ice beasts
  A swamp drake (Swamp:1)
  2 sky beasts
  An eye of draining (D:13)
  21 ogres
  A phantom (D:5)
  5 necrophages
  11 wolves
  18 centaurs
  5 big kobolds
  23 bullfrogs
  2 wyvern zombies
  2 gnoll sergeants
  7 scorpions
  16 killer bees
  3 howler monkeys (D:8)
  24 wights
  10 electric eels
  2 bullfrog zombies
  A centaur zombie (D:7)
  3 hounds
  A jelly (D:9)
  12 orc priests
  18 orc wizards
  Crazy Yiuf (D:3)
  Jessica (D:3)
  2 bullfrog skeletons
  3 iguanas
  9 worker ants
  A hound zombie (D:7)
  4 mummies
  3 hound skeletons
  A howler monkey zombie (D:8)
  2 worker ant zombies
  7 gnolls
  20 adders
  4 shadow imps
  15 white imps
  6 ufetubi
  An adder zombie (D:6)
  An adder skeleton (D:9)
  3 worms (D:3)
  3 dart slugs
  8 leopard geckos
  70 orcs
  6 giant cockroaches
  11 goblins
  8 hobgoblins
  12 jackals
  3 quokkas
  2 ball pythons
  A ball python skeleton (D:6)
  7 bats
  5 frilled lizards
  4 goblin zombies (Ossuary)
  2 hobgoblin zombies (Ossuary)
  17 kobolds
  4 kobold zombies (Ossuary)
  A quokka skeleton (D:4)
  7 rats
  A bush (Lair:2)
  A butterfly (Lair:4)
757 creatures vanquished.

Vanquished Creatures (collateral kills)
  4 foxfires
4 creatures vanquished.

Vanquished Creatures (others)
  A bloated husk (Swamp:2)
  3 humans (Swamp:2)
  1323 foxfires
  36 fungi
  130 plants
  A withered plant (D:7)
1494 creatures vanquished.

Grand Total: 2255 creatures vanquished

Notes
Turn   | Place    | Note
-------+----------+-------------------------------------------
     0 | D:1      | Conn the Deep Elf Fire Elementalist began the quest for the
                  | Orb.
     0 | D:1      | Reached XP level 1. HP: 10/10 MP: 6/6
   240 | D:1      | Reached XP level 2. HP: 15/15 MP: 6/8
   965 | D:1      | Reached XP level 3. HP: 19/19 MP: 3/9
  1862 | D:2      | Reached XP level 4. HP: 7/24 MP: 7/11
  2055 | D:2      | Gained mutation: Your natural rate of healing is unusually
                  | fast. [potion of mutation]
  2055 | D:2      | Gained mutation: Armour fits poorly on your strangely
                  | shaped body. [potion of mutation]
  2055 | D:2      | Gained mutation: You are partially covered in slimy green
                  | scales. (AC +2) [potion of mutation]
  2055 | D:2      | Gained mutation: You can translocate small distances at
                  | will. [potion of mutation]
  2257 | D:3      | Learned a level 3 spell: Conjure Flame
  2261 | D:3      | Learned a level 3 spell: Inner Flame
  2430 | D:3      | Noticed Terence
  2446 | D:3      | Reached skill level 4 in Spellcasting
  2509 | D:3      | Learned a level 4 spell: Sticky Flame
  2545 | D:3      | Reached skill level 5 in Fire Magic
  2668 | D:4      | Noticed an ogre
  2689 | D:4      | Killed an ogre
  2690 | D:4      | Reached XP level 5. HP: 28/28 MP: 4/13
  2869 | D:4      | Noticed an ogre
  2878 | D:4      | Killed an ogre
  2879 | D:4      | Reached XP level 6. HP: 33/33 MP: 12/14
  3195 | D:3      | Noticed Jessica
  3203 | D:3      | Killed Jessica
  3654 | D:3      | Found a runed translucent door.
  3655 | D:3      | Noticed Crazy Yiuf
  3678 | D:3      | Killed Crazy Yiuf
  3906 | D:4      | Reached skill level 5 in Spellcasting
  4072 | D:4      | Reached XP level 7. HP: 37/37 MP: 13/16
  4104 | D:4      | Found a hide-covered altar of Uskayaw.
  4180 | D:5      | Entered Level 5 of the Dungeon
  4277 | D:5      | Found a radiant altar of Vehumet.
  4278 | D:5      | Found a shimmering blue altar of Sif Muna.
  4280 | D:5      | Found an opulent altar of Gozag.
  4353 | D:5      | Reached skill level 6 in Spellcasting
  4591 | D:5      | Reached skill level 5 in Conjurations
  4708 | D:5      | Reached XP level 8. HP: 42/42 MP: 13/19
  5116 | D:5      | Found a shimmering altar of Xom.
  5121 | D:5      | Became a worshipper of Sif Muna the Loreminder
  5392 | D:5      | Learned a level 5 spell: Fireball
  5448 | D:6      | Reached skill level 1 in Short Blades
  5463 | D:6      | Found a staircase to the Ecumenical Temple.
  5541 | D:6      | Reached skill level 7 in Spellcasting
  5699 | D:6      | Found a sand-covered staircase.
  5750 | Ossuary  | Entered an ossuary
  5814 | Ossuary  | Reached * piety under Sif Muna
  6129 | Ossuary  | Reached skill level 5 in Stealth
  6494 | D:6      | Reached XP level 9. HP: 46/46 MP: 14/22
  6664 | D:6      | Found a runed translucent door.
  6669 | D:6      | Noticed Conn's ghost (novice DEFE)
  6808 | D:6      | Killed Conn's ghost
  6993 | D:7      | Found Quz Sipt's Jewellery Shop.
  7003 | D:7      | Reached skill level 8 in Spellcasting
  7035 | D:7      | Noticed Prince Ribbit
  7035 | D:7      | Noticed Joseph
  7037 | D:7      | Reached ** piety under Sif Muna
  7194 | D:7      | Reached skill level 1 in Fighting
  7332 | D:7      | Reached skill level 1 in Invocations
  7870 | D:7      | Killed Joseph
  7895 | D:7      | Found Founueg's Gadget Shop.
  7903 | D:7      | Bought a wand of acid (6) for 240 gold pieces
  8015 | D:7      | Reached XP level 10. HP: 52/52 MP: 19/24
  8084 | D:7      | Killed Prince Ribbit
  8085 | D:7      | Reached skill level 10 in Fire Magic
  8249 | D:7      | Found Refaycys's Weapon Boutique.
  8256 | D:7      | Reached *** piety under Sif Muna
  8337 | D:7      | Noticed Menkaure
  8360 | D:7      | Found a sacrificial altar of Ru.
  8476 | D:7      | Killed Menkaure
  8477 | D:7      | Reached skill level 9 in Spellcasting
  8809 | D:8      | Noticed Psyche
  8818 | D:8      | Killed Psyche
  9132 | D:8      | Got an ancient hand axe
  9133 | D:8      | Identified the +2 hand axe of the Fortune-Teller {vorpal,
                  | rElec MP+9 Int-4 SInv} (You found it on level 8 of the
                  | Dungeon)
  9406 | D:8      | Found an iron altar of Okawaru.
  9619 | D:8      | Noticed Maurice
  9625 | D:8      | Killed Maurice
  9762 | D:8      | Noticed Harold
  9858 | D:8      | Killed Harold
  9859 | D:8      | Reached skill level 5 in Dodging
  9859 | D:8      | Reached skill level 1 in Evocations
 10181 | D:9      | Reached skill level 10 in Spellcasting
 10196 | D:9      | Reached XP level 11. HP: 54/56 MP: 12/27
 10390 | D:9      | Found Giumitz's Armour Boutique.
 10394 | D:9      | Bought a +2 helmet of see invisible for 279 gold pieces
 10452 | D:9      | Got a crude helmet
 10463 | D:9      | Identified the +2 helmet of Impatience {rPois Str-4 Int+8
                  | Stlth+} (You found it on level 9 of the Dungeon)
 10667 | D:9      | Reached **** piety under Sif Muna
 10869 | D:9      | Reached skill level 10 in Conjurations
 10941 | D:9      | Found a staircase to the Lair.
 11057 | D:10     | Entered Level 10 of the Dungeon
 11057 | D:10     | Noticed a two-headed ogre
 11062 | D:10     | Noticed a two-headed ogre
 11062 | D:10     | You fall into a shaft and drop 3 floors!
 11071 | D:13     | Noticed a white ugly thing
 11097 | D:13     | Killed a white ugly thing
 11432 | D:12     | Noticed a two-headed ogre
 11449 | D:12     | Killed a two-headed ogre
 11674 | D:12     | Noticed an unseen horror
 11675 | D:12     | Killed an unseen horror
 11676 | D:12     | Reached skill level 11 in Spellcasting
 11812 | D:12     | Noticed a two-headed ogre
 11835 | D:12     | Killed a two-headed ogre
 11836 | D:12     | Reached skill level 5 in Invocations
 11934 | D:12     | Noticed Frances
 12011 | D:13     | Noticed a deep elf mage
 12017 | D:13     | Noticed a centaur warrior
 12020 | D:13     | Killed a deep elf mage
 12025 | D:13     | Killed a centaur warrior
 12029 | D:13     | Noticed a two-headed ogre
 12179 | D:13     | Killed a two-headed ogre
 12180 | D:13     | Reached XP level 12. HP: 61/61 MP: 18/29
 12418 | D:12     | Reached ***** piety under Sif Muna
 13331 | D:12     | Found a staircase to the Orcish Mines.
 13338 | Orc:1    | Entered Level 1 of the Orcish Mines
 13383 | Orc:1    | Reached skill level 12 in Spellcasting
 13705 | Orc:2    | Entered Level 2 of the Orcish Mines
 13829 | Orc:2    | Found a staircase to the Elven Halls.
 13919 | Orc:2    | Identified Sif Muna's Almanac of Floating Blows and Bruises
                  | (Sif Muna gifted it to you on level 2 of the Orcish Mines)
 13919 | Orc:2    | Received a gift from Sif Muna
 14863 | Orc:2    | Noticed an orc warlord
 15613 | Orc:2    | Killed an orc warlord
 16033 | Orc:2    | Found Keuryud's Armour Emporium.
 16033 | Orc:2    | Found Piremofo's General Store.
 16036 | Orc:2    | Found Rozuluth's Assorted Antiques.
 16038 | Orc:2    | Found Xeacodif's Antique Armour Shoppe.
 16092 | Orc:2    | Learned a level 3 spell: Mephitic Cloud
 16096 | Orc:2    | Learned a level 3 spell: Stone Arrow
 16101 | Orc:2    | Learned a level 4 spell: Fulminant Prism
 16107 | Orc:2    | Learned a level 5 spell: Lightning Bolt
 16843 | D:11     | Noticed Grum
 16849 | D:11     | Killed Grum
 16861 | D:11     | Noticed a two-headed ogre
 16864 | D:11     | Killed a two-headed ogre
 17348 | D:11     | Found Falafanu's Antique Armour Shoppe.
 17361 | D:11     | Noticed a two-headed ogre
 17381 | D:11     | Killed a two-headed ogre
 17462 | D:11     | Received a gift from Sif Muna
 17471 | D:11     | Reached XP level 13. HP: 50/66 MP: 13/31
 17477 | D:11     | Learned a level 3 spell: Ignite Poison
 17564 | D:11     | Bought an ancient ring mail for 297 gold pieces
 17578 | D:11     | Identified the +3 ring mail of Beogh's Supremacy {Rampage
                  | rCorr Str-2 Int+5} (You bought it in a shop on level 11 of
                  | the Dungeon)
 17578 | D:11     | Lost strength.
 17872 | D:10     | Got a shimmering whip
 17873 | D:10     | Identified the +12 whip "Jateyr" {vorpal, +Fly rC+} (You
                  | found it on level 10 of the Dungeon)
 17961 | D:10     | Reached skill level 13 in Spellcasting
 18123 | D:10     | Reached skill level 1 in Shields
 18321 | D:10     | Identified the Collected Works on Snow
 18558 | Lair:1   | Entered Level 1 of the Lair of Beasts
 19045 | Lair:1   | Noticed Urug
 19052 | Lair:1   | Killed Urug
 19933 | Lair:2   | Reached skill level 1 in Poison Magic
 19983 | Lair:2   | Noticed Erica
 20001 | Lair:2   | Killed Erica
 20080 | Lair:2   | You fall into a shaft and drop 1 floor!
 20110 | Lair:2   | Noticed Nergalle
 20115 | Lair:2   | Killed Nergalle
 20236 | Lair:2   | Reached skill level 14 in Spellcasting
 20696 | Lair:3   | Identified Sif Muna's Incunabulum of Spatial Arcane Weapons
                  | (Sif Muna gifted it to you on level 3 of the Lair of
                  | Beasts)
 20696 | Lair:3   | Received a gift from Sif Muna
 21443 | Lair:3   | Found a hole to the Spider Nest.
 22180 | Lair:4   | Found a staircase to the Swamp.
 22224 | Lair:4   | Reached XP level 14. HP: 44/72 MP: 4/34
 22247 | Lair:4   | Identified Sif Muna's Reference Book on Transmigration and
                  | Weightlessness (Sif Muna gifted it to you on level 4 of the
                  | Lair of Beasts)
 22247 | Lair:4   | Received a gift from Sif Muna
 22460 | Lair:4   | Learned a level 8 spell: Ignition
 22673 | Lair:4   | Reached skill level 15 in Spellcasting
 23777 | Lair:5   | Found a staircase to the Slime Pits.
 23779 | Lair:5   | Found a viscous altar of Jiyva.
 24266 | Lair:6   | Entered Level 6 of the Lair of Beasts
 24589 | D:7      | Bought an uncursed ring of wizardry for 360 gold pieces
 24877 | Lair:6   | Reached skill level 16 in Spellcasting
 24877 | Lair:6   | Reached skill level 15 in Fire Magic
 25054 | Lair:6   | Received a gift from Sif Muna
 25343 | Lair:6   | Reached skill level 5 in Shields
 25489 | Lair:6   | Reached XP level 15. HP: 74/76 MP: 16/37
 25696 | Lair:6   | Reached skill level 17 in Spellcasting
 26350 | Lair:6   | Identified the Collected Works on Twisted Transmutation
 26368 | Lair:6   | Identified the +8 chain mail of the World {rPois Regen+
                  | Str+8} (You found it on level 6 of the Lair of Beasts)
 26373 | Lair:6   | Identified the +10 scythe "Byorom" {vorpal, rElec Will+
                  | Dex-2} (You found it on level 6 of the Lair of Beasts)
 26416 | Lair:6   | Identified the ring of Existentialism {rF+ rN+ Int+3} (You
                  | found it on level 6 of the Lair of Beasts)
 26728 | Swamp:1  | Entered Level 1 of the Swamp
 26764 | Swamp:1  | Identified Sif Muna's Reference Book on the Arsonist and
                  | Conjuration (Sif Muna gifted it to you on level 1 of the
                  | Swamp)
 26764 | Swamp:1  | Received a gift from Sif Muna
 26958 | Swamp:1  | Noticed a thorn hunter
 26961 | Swamp:1  | Killed a thorn hunter
 28003 | Swamp:2  | HP: 3/76 [spriggan rider/+0 spear (21)]
 28127 | Swamp:2  | Noticed Kirke
 28132 | Swamp:2  | Killed Kirke
 28134 | Swamp:2  | Reached skill level 18 in Spellcasting
 28307 | Swamp:2  | Noticed Louise
 28318 | Swamp:2  | Killed from afar by bloated husk

Illustrated notes

Levels and vault maps discovered:
D:1:      kilobyte_arrival_exit_the_forest, layout_basic
D:2:      layout_loops_ring, minmay_hexomino_f4
D:3:      kennysheep_six_static_rooms, layout_basic, hangedman_decor_slide_cut,
          uniq_jessica, uniq_crazy_yiuf_cottage, uniq_terence
D:4:      layout_cave_pools, kennysheep_little_box
D:5:      layout_loops_ring, grunt_temple_overflow_open
D:6:      layout_cave_pools, minmay_temple_entry_poolview,
          ebering_ghost_reflecting_pool, enter_ossuary_5
D:7:      layout_gridville, nicolae_ru_path_of_blood, serial_undead,
          serial_undead_e, serial_undead_b, serial_undead_d, serial_undead_d,
          serial_shops, shop, nicolae_shop_waterfront, shop, uniq_joseph,
          uniq_menkaure, uniq_prince_ribbit1
D:8:      cheibrodos_two_vegetables, layout_loops_cross, general_overflow_altar,
          dk_vineyard_2, uniq_psyche, uniq_harold, uniq_maurice
D:9:      layout_cave_pools, grunt_lair_entry_orc_guard_hut, serial_shops, shop,
          chequers_serial_rivers_room_b
D:10:     lemuel_ice_statue, layout_gridville, item_on_display_a
D:11:     layout_rooms, serial_shops, shop_statue, nrook_uturn, uniq_grum
D:12:     layout_basic, kennysheep_orc_monster_closet_entryway, uniq_frances
D:13:     layout_gridville
Lair:1:   layout_long_grid, grunt_megastairs_1, uniq_urug
Lair:2:   layout_loops_ring, uniq_nergalle, uniq_erica
Lair:3:   layout_loops_ring, spider_nest_entry_webs, portal_ice_cave_entry_imps,
          serial_bayou, serial_bayou_pond_b, serial_bayou_pond_d,
          serial_bayou_pond_c, serial_bayou_pond_e, serial_bayou_crossing,
          serial_bayou_pond_a
Lair:4:   layout_big_grid, swamp_mist, bobbens_dragon_lair_wall,
          minmay_lair_oklob_chamber, lemuel_fruit_fields,
          infiniplex_staircase_pool_2
Lair:5:   layout_concentric_octagons, slime_altar_1, beast_lair_carwin_7,
          infiniplex_staircase_pool, grunt_megastairs_3
Lair:6:   minmay_lair_end_frog_pond, layout_misc_corridors, guppyfry_lair_drakes
Swamp:1:  layout_basic_swamp, evilmike_swamp_ruin_house_5
Swamp:2:  layout_falls_marsh, wheals_swamp_sinkhole, uniq_kirke, uniq_louise
Orc:1:    layout_caves
Orc:2:    st_orc_rangers, layout_caves

Skill      XL: |  1  2  3  4  5  6  7  8  9 10 11 12 13 14 15 |
---------------+----------------------------------------------+-----
Fire Magic     | 4 5 6 7 8 9 10 12 13 14 15 16 | 16.3
Spellcasting   | 4 5 6 7 8 10 11 12 14 16 18 | 18.1
Conjurations   | 2 3 4 5 6 8 9 11 12 13 14 | 14.3
Stealth        | 3 4 5 6 7 |  7.3
Dodging        | 3 4 5 6 |  6.6
Short Blades   | 1 2 3 |  3.9
Fighting       | 1 2 |  2.3
Invocations    | 1 4 5 7 |  7.3
Evocations     | 1 |  1.0
Shields        | 3 5 |  5.9
Poison Magic   | 1 |  1.4
Maces & Flails | |  0.2
Hexes          | |  0.7
Transmutations | |  0.7
Air Magic      | |  0.2

Action                   |  1- 3 |  4- 6 |  7- 9 | 10-12 | 13-15 || total
-------------------------+-------+-------+-------+-------+-------++-------
Melee: Dagger            |     1 |    32 |    93 |    61 |       ||   187
       Hand axe          |       |       |       |    14 |       ||    14
       Short sword       |       |       |       |    85 |    26 ||   111
       Whip              |       |       |       |       |    32 ||    32
Throw: Dart              |       |     1 |       |       |       ||     1
 Cast: Foxfire           |    71 |    87 |   146 |   340 |   103 ||   747
       Conjure Flame     |       |     4 |     6 |    25 |     4 ||    39
       Sticky Flame      |       |       |    21 |    59 |    48 ||   128
       Fireball          |       |       |    21 |    85 |   206 ||   312
       Inner Flame       |       |       |     2 |       |       ||     2
       Mephitic Cloud    |       |       |       |       |     9 ||     9
       Ignite Poison     |       |       |       |       |     4 ||     4
       Ignition          |       |       |       |       |     9 ||     9
       Lightning Bolt    |       |       |       |       |     4 ||     4
       Stone Arrow       |       |       |       |       |     2 ||     2
Invok: Channel Magic     |       |       |       |     3 |     4 ||     7
 Abil: Blink             |       |       |     5 |     2 |    17 ||    24
Evoke: Wand              |       |       |     4 |     3 |     1 ||     8
  Use: Scroll            |       |     6 |     9 |     9 |    14 ||    38
       Potion            |       |     3 |     9 |     6 |     5 ||    23
 Stab: Sleeping          |     1 |     3 |     4 |     8 |     8 ||    24
       Distracted        |       |       |       |     1 |       ||     1
       Confused          |       |       |       |       |     2 ||     2
Armor: Robe              |     5 |    16 |    52 |   113 |    40 ||   226
       Skin              |       |       |       |     6 |     4 ||    10
Dodge: Dodged            |    10 |    48 |   125 |   245 |   127 ||   555
